 Dungeon Crawl Stone Soup version 0.28.0-47-ge53b351184 (webtiles) character file.

Game seed: 2127491884292856665

29 pkoi the Magician (level 2, 0/20 HPs)
             Began as a Demigod Hedge Wizard on May 6, 2022.
             Slain by Natasha (6 damage)
             ... on level 2 of the Dungeon.
             The game lasted 00:03:01 (2350 turns).

pkoi the Magician (Demigod Hedge Wizard)            Turns: 2350, Time: 00:03:01

Health: 0/20       AC:  2    Str: 11    XL:     2   Next: 81%
Magic:  0/8        EV: 12    Int: 16    God:
Gold:   69         SH:  0    Dex: 13    Spells: 4/7 levels left

rFire   . . .      SeeInvis .   e - +0 mace
rCold   . . .      Faith    .   (no shield)
rNeg    . . .      Spirit   .   b - +0 robe
rPois   .          Reflect  .   c - +0 hat
rElec   .          Harm     .   (no cloak)
rCorr   +          Rampage  .   (no gloves)
Will    .....                   (no boots)
Stlth   ++........              (no amulet)
HPRegen 0.06/turn               j - ring of resist corrosion
MPRegen 0.11/turn               (no ring)

@: no status effects
A: high MP 1, forlorn, divine attributes
a: no special abilities


You were on level 2 of the Dungeon.
You visited 1 branch of the dungeon, and saw 2 of its levels.

You collected 69 gold pieces.

Inventory:

Hand Weapons
 a - a +0 dagger
 e - a +0 mace (weapon)
Armour
 b - a +0 robe (worn)
 c - a +0 hat (worn)
 i - a +0 helmet
Jewellery
 j - a ring of resist corrosion (left hand)
Scrolls
 h - 2 scrolls of identify {unknown}
 k - a scroll of brand weapon {unknown}
Potions
 d - 2 potions of might {unknown}
 f - a potion of brilliance {unknown}
 g - 2 potions of mutation {unknown}


   Skills:
 - Level 1.7 Dodging
 - Level 1.7 Stealth
 + Level 3.1 Spellcasting
 + Level 1.4 Conjurations
 - Level 1.2 Summonings
 - Level 1.2 Translocations


You had 4 spell levels left.
You knew the following spells:

 Your Spells              Type           Power      Damage    Failure   Level
a - Magic Dart            Conj           28%        1d4       11%         1
b - Blink                 Tloc           12%        N/A       17%         2

Your spell library contained the following spells:

 Spells                   Type           Power      Damage    Failure   Level
 Call Imp                 Summ           6%         N/A       17%         2
 Slow                     Hex            8%         N/A       19%         1
 Conjure Flame            Conj/Fire      4%         6-21      38%         3
 Mephitic Cloud           Conj/Pois/Air  4%         N/A       41%         3


Dungeon Overview and Level Annotations

Branches:
Dungeon (2/15)

Annotations:
D:2 Natasha


Innate Abilities, Weirdness & Mutations

You have an increased reservoir of magic. (+10% MP)
You shall have no god before yourself.
Your divine heritage dramatically boosts your attributes as you level up.


Message History

Natasha's front paws start to glow.
Natasha claws you.
The magic dart hits Natasha.
Natasha is heavily wounded.
Natasha casts a spell at you. You resist with significant effort.
The magic dart hits Natasha but does no damage.
Natasha is heavily wounded.
Natasha drinks a potion.
Natasha is healed!
Aiming: Magic Dart (safe; 11% risk of failure)
Press: ? - help, Q - select action, (/) - cycle Shift-Dir - straight line, f/p - Natasha
Aim: Natasha (100% to hit)
The magic dart hits Natasha but does no damage.
Natasha claws you but does no damage.
Unknown command.
You barely miss Natasha. Natasha claws you.
* * * LOW HITPOINT WARNING * * *
You closely miss Natasha. Natasha claws you!
* * * LOW HITPOINT WARNING * * *
You hit Natasha.
Natasha is lightly wounded.
Natasha closely misses you.
Natasha casts a spell.
You barely miss Natasha. Your punch misses Natasha.
Natasha is lightly wounded.
Natasha claws you.
* * * LOW HITPOINT WARNING * * *
The crimson imp closely misses you.
Unknown command.
Aiming: Magic Dart (safe; 11% risk of failure)
Press: ? - help, Q - select action, (/) - cycle Shift-Dir - straight line, f/p - Natasha
Aim: Natasha (lightly wounded, 100% to hit)
The magic dart hits Natasha.
Natasha is moderately wounded.
Natasha casts a spell.
The crimson imp blinks!
You hit Natasha.
Natasha is moderately wounded.
Natasha claws you.
You die...

###########
#..@h55....
#.######### #.#
######.#########
####
#......>........
...
#.#####.########
.. ####†# #.#.
#....# #.#.
#.##'## #####
#.##


You could see Natasha and 2 crimson imps.

Vanquished Creatures
  3 dart slugs
  4 bats
  4 endoplasms (D:1)
  A giant cockroach (D:1)
  A goblin (D:1)
  2 jackals (D:1)
  A quokka (D:1)
  A ball python (D:1)
  3 frilled lizards (D:1)
  2 rats (D:1)
22 creatures vanquished.

Notes
Turn   | Place    | Note
-------+----------+-------------------------------------------
     0 | D:1      | pkoi the Demigod Hedge Wizard began the quest for the Orb.
     0 | D:1      | Reached XP level 1. HP: 14/14 MP: 6/6
   120 | D:1      | Reached skill level 1 in Conjurations
   120 | D:1      | Reached skill level 1 in Summonings
   120 | D:1      | Reached skill level 1 in Translocations
   716 | D:1      | Reached XP level 2. HP: 20/20 MP: 0/8
   992 | D:1      | Reached skill level 3 in Spellcasting
  1321 | D:1      | Learned a level 2 spell: Blink
  2336 | D:2      | Noticed Natasha
  2350 | D:2      | Slain by Natasha

Illustrated notes

Levels and vault maps discovered:
D:1:      amcnicky_arrival_gap_in_the_tavern_cellar, layout_basic,
          minmay_misc_feat_room, minmay_lizard_pond
D:2:      layout_basic, basic_ecumenical_altar, uniq_natasha

Skill      XL: |  1  2 |
---------------+-------+-----
Conjurations   | 1 |  1.4
Summonings     | 1 |  1.2
Translocations | 1 |  1.2
Spellcasting   | 3 |  3.1
Dodging        | |  1.7
Stealth        | |  1.7

Action                   || total
-------------------------++-------
Melee: Mace              ||     5
 Cast: Magic Dart        ||    84
Armor: Robe              ||     5
Dodge: Dodged            ||     9
